 Dungeon Crawl Stone Soup version 0.23-a0-643-g9ccc95a (webtiles) character file.

109 Lanoc the Skirmisher (level 4, -8/37 HPs)
             Began as a Demonspawn Monk on Jan 1, 2019.
             Killed by divine providence
             ... invoked by an orc priest
              (11 damage)
             ... on level 6 of the Dungeon.
             The game lasted 00:05:35 (2391 turns).

Lanoc the Skirmisher (Demonspawn Monk)              Turns: 2391, Time: 00:05:36

Health: -8/37      AC:  6    Str: 11 (13) XL:     4   Next: 59%
Magic:  4/4        EV: 12    Int:  8 (11) God:
Gold:   116        SH:  0    Dex: 14 (15) Spells: 3/3 levels left

rFire    + . .     SeeInvis .     - Unarmed
rCold    . . .     Gourm    .   (no shield)
rNeg     . . .     Faith    .   h - +1 ring mail (curse)
rPois    .         Spirit   .   (no helmet)
rElec    .         Reflect  .   (no cloak)
rCorr    .         Harm     .   (no gloves)
MR       .....                  (no boots)
Stlth    +.........             (no amulet)
HPRegen  0.12/turn              (no ring)
MPRegen  0.09/turn              (no ring)

@: no status effects
A: fire resistance 1, flame cloud immunity
a: no special abilities


You were on level 6 of the Dungeon.
You were hungry.

You visited 1 branch of the dungeon, and saw 5 of its levels.

You collected 116 gold pieces.

Inventory:

Armour
 h - a cursed +1 ring mail (worn)
Scrolls
 d - 2 scrolls of teleportation {unknown}
 f - a scroll of identify
 k - a scroll of enchant weapon {unknown}
Comestibles
 b - 4 rations


   Skills:
 + Level 3.8 Fighting
 + Level 2.0 Armour
 + Level 3.6 Dodging
 - Level 1.7 Stealth
 - Level 2.8 Unarmed Combat


You had 3 spell levels left.
You didn't know any spells.
Your spell library was empty.

Dungeon Overview and Level Annotations

Branches:
Dungeon (6/15)
 Temple: D:4-7

Altars:

Annotations:
D:2 Robin


Innate Abilities, Weirdness & Mutations

Your flesh is heat resistant. (rF+)
You are immune to clouds of flame.


Message History

You hit the adder. Your punch misses the adder.
The adder is almost dead.
The adder bites you but does no damage. x2
You closely miss the adder.
The adder is almost dead.
The adder closely misses you.
You hit the adder.
You kill the adder!
Your Armour skill increases to level 2!
You see here 13 gold pieces.
Autopickup is now on.
The orc priest calls down the wrath of Beogh upon you.
Beogh smites you!
* * * LOW HITPOINT WARNING * * *
You see here 13 gold pieces.
You see here 13 gold pieces.
You now have 116 gold pieces (gained 13).
The orc priest invokes the aid of Beogh against you.
Beogh smites you!
You die...

#..............[..
#................. #
#.....o..........# #.
####.....[...........
...#....(...#..........?
............##.........
...........#.#........
..........##.........
.........@..........
...................
.................
.##..............
................
..#..............
#######..###..... ..##
##...


You could see an orc priest.

Vanquished Creatures
  2 adders
  2 oozes
  3 dart slugs
  3 worms (D:2)
  2 leopard geckos (D:1)
  6 giant cockroaches
  7 goblins
  10 hobgoblins
  6 jackals (D:1)
  A quokka (D:6)
  A ball python (D:2)
  8 bats
  A frilled lizard (D:1)
  3 kobolds (D:1)
  A quokka skeleton (D:2)
  7 rats
63 creatures vanquished.

Notes
Turn   | Place    | Note
-------+----------+-------------------------------------------
     0 | D:1      | Lanoc the Demonspawn Monk began the quest for the Orb.
     0 | D:1      | Reached XP level 1. HP: 18/18 MP: 1/1
   124 | D:1      | Gained mutation: Your flesh is heat resistant. (rF+)
                  | [demonic ancestry]
   124 | D:1      | Reached XP level 2. HP: 17/24 MP: 2/2
   284 | D:1      | Reached skill level 1 in Armour
   677 | D:1      | Gained mutation: You are immune to clouds of flame.
                  | [demonic ancestry]
   677 | D:1      | Reached XP level 3. HP: 29/29 MP: 3/3
  1315 | D:2      | Reached XP level 4. HP: 36/37 MP: 4/4
  1985 | D:2      | Noticed Robin
  1986 | D:2      | You fall through a shaft for 2 floors!
  2000 | D:4      | HP: 1/37 [gnoll/+0 spear (5)]
  2034 | D:5      | Entered Level 5 of the Dungeon
  2330 | D:5      | Noticed an ogre
  2391 | D:6      | Killed from afar by an orc priest

Vault maps used:
D:1:      onia_arrival_larder, serial_forest, infiniplex_forest_zigzag_2,
          infiniplex_forest_lined_room_3, infiniplex_forest_straight_3,
          infiniplex_forest_straight_4, infiniplex_forest_lined_corner,
          infiniplex_forest_end_2, infiniplex_forest_straight_3
D:2:      uniq_robin
D:4:      cheibrodos_quashed, bloody_makhleb, first_ration
D:5:      gammafunk_ghost_grave
D:6:      fedhas_ov_isle_minmay, minmay_temple_entry_nine_rooms,
          gammafunk_ghost_smash, dk_rats_in_the_wall

Skill      XL: |  1  2  3  4 |
---------------+-------------+-----
Dodging        | 3 |  3.6
Armour         | 1 2 |  2.0
Fighting       | |  3.8
Stealth        | |  1.7
Unarmed Combat | |  2.8

Action                   |  1- 3 |  4- 6 || total
-------------------------+-------+-------++-------
Melee: Unarmed           |   187 |    93 ||   280
       Punch             |     4 |       ||     4
  Use: Scroll            |       |     4 ||     4
       Potion            |       |     4 ||     4
 Stab: Sleeping          |     7 |       ||     7
  Eat: Chunk             |     1 |     3 ||     4
Armor: Robe              |    28 |       ||    28
       Ring mail         |     8 |    19 ||    27
Dodge: Dodged            |   134 |    62 ||   196

Table legend:
 A = Non-vault XP
 B = Vault XP
 C = Vault XP percentage of total XP
 D = Non-vault monster count
 E = Vault monster count
 F = Vault count percentage of total count
                 A         B        C        D         E       F
            +---------+---------+-------+---------+---------+-------
      Total |     144 |      12 |   7.7 |      55 |       8 |  12.7
            +---------+---------+-------+---------+---------+-------
        D:1 |      64 |      10 |  13.5 |      30 |       7 |  18.9
        D:2 |      65 |       2 |   3.0 |      23 |       1 |   4.2
        D:6 |      15 |       0 |   0.0 |       2 |       0 |   0.0
            +---------+---------+-------+---------+---------+-------
